AoeStats
← Franghis Khan

Lombardia

510045581Analyzed
4v4 RM · 4d ago on Sep 29, 2026· 11m 48s· 8 players
Game mode
Random Map
Map size
Large (8 player)
Population
200
Speed
Normal
Resources
Standard
Victory
Conquest
Starting age
Dark Age
Ending age
Imperial Age
RankedLock teamsTeams togetherTeam positionsShared explorationLock speedFull tech treeHidden civsTurbo modeCheats
Victory
Defeat
🇨🇿 Vietnamese · Czechia
889
+12
🇨🇳 Dravidians · China
832
+15
🇪🇪 Saracens · Estonia
814
+15
🇲🇽 Mongols · Mexico
794
+16
877
-17
🇲🇾 Persians · Malaysia
849
-17
🇦🇷 Franks · Argentina
761
-13
🇺🇸 Malians · United States
718
-11
Sevenmonkeys
2:44 Loom
12:16 Feudal Age
Bc. .
12:01 Feudal Age
MedicenKarly
0:53 Loom
12:21 Feudal Age
1216053092
10:40 Feudal Age
Zukomazi
Blues_1111
11:09 Feudal Age
11:35 Double-Bit Axe
Franghis Khan
10:28 Feudal Age
9:51 Loom
此身为剑所天成
9:26 Loom
11:51 Feudal Age
Connection lost

Rejoining the realm…

Still unreachable

The connection could not be restored.

Session expired

The server has moved on; the page needs a fresh start.